 Dungeon Crawl Stone Soup version 0.20-a0-444-g3734ce0 (webtiles) character file.

2913 rageheart7 the Quickloader (level 9, 0/69 HPs)
             Began as a Cyno Wanderer on Jan 9, 2017.
             Was a Believer of Okawaru.
             Slain by a killer bee (4 damage)
             ... on level 8 of the Dungeon on Jan 10, 2017.
             The game lasted 00:13:39 (7720 turns).

rageheart7 the Quickloader (Cyno Wanderer)          Turns: 7720, Time: 00:13:39

Health: 0/69       AC:  7    Str: 17    XL:     9   Next: 49%
Magic:  9/9        EV: 12    Int:  8    God:    Okawaru [**....]
Gold:   325        SH:  0    Dex: 11    Spells: 8/8 levels left

rFire  x . .     SeeInvis .     D - +1 arbalest
rCold  + . .     Gourm    .     F - +1 robe of a wizard's laboratory {rElec Str+5}
rNeg   . . .     Faith    .     (shield currently unavailable)
rPois  .         Spirit   .     t - +0 helmet
rElec  +         Reflect  .     s - +0 cloak
rCorr  .         Harm     +     w - +0 pair of gloves
MR     +....                    (no boots)
Stlth  +.........               c - amulet of harm
                                x - ring of ice
                                l - ring of protection from magic

@: lethally poisoned (0 -> -7), very slightly contaminated, hasted, very quick
A: limited potential
a: Heroism, Renounce Religion


You were on level 8 of the Dungeon.
You worshipped Okawaru.
Okawaru was pleased with you.
You were not hungry.

You visited 2 branches of the dungeon, and saw 9 of its levels.

You collected 325 gold pieces.

Inventory:

Hand Weapons
 D - a +1 arbalest (weapon)
 I - a cursed +2 long sword of freezing
Missiles
 d - 62 bolts (quivered)
Armour
 a - a +2 scale mail
 s - a +0 cloak (worn)
 t - a +0 helmet (worn)
 w - a +0 pair of gloves (worn)
 F - the +1 robe of a wizard's laboratory (worn) {rElec Str+5}
   (You found it on level 5 of the Dungeon)

   It affects your strength (+5).
   It insulates you from electricity.
Jewellery
 c - an amulet of harm (around neck)
 l - a ring of protection from magic (left hand)
 x - a ring of ice (right hand)
Wands
 j - a wand of digging (7/24)
 k - a wand of acid (15/15)
 m - a wand of acid (15/15)
 r - a wand of digging (15/24)
Scrolls
 e - 4 scrolls of teleportation
 g - 2 scrolls of remove curse
 B - a scroll of identify
Potions
 h - a potion of berserk rage
 i - a potion of cancellation {unknown}
 o - 3 potions of might
 p - 3 potions of lignification
 q - a potion of cure mutation
 u - a potion of curing
 A - a potion of magic
 C - a potion of flight
 H - a potion of resistance
Books
 y - a book of Clouds

   Spells                             Type                      Level
   a - Noxious Vapours                Poison/Air                   2
   b - Mephitic Cloud                 Conjuration/Poison/Air       3
   c - Conjure Flame                  Conjuration/Fire             3
   d - Freezing Cloud                 Conjuration/Ice/Air          6
   e - Ring of Flames                 Charms/Fire                  7
Comestibles
 b - a meat ration
 f - 5 bread rations
 v - 4 chunks of flesh
 z - 2 fruits
 E - 2 beef jerkies


   Skills:
 - Level 6.0 Fighting
   Level 1.2 Maces & Flails
 * Level 13.6 Crossbows
 * Level 5.9 Armour
 + Level 1.2 Dodging
 - Level 1.1 Stealth
 + Level 1.2 Evocations


You had 8 spell levels left.
You didn't know any spells.

Dungeon Overview and Level Annotations

Branches:
Dungeon (8/15)             Temple (1/1) D:5
   Lair: D:8-11

Altars:
Ashenzari
Cheibriados
Dithmenos
Elyvilon
Fedhas
Gozag
Hepliaklqana
Kikubaaqudgha
Makhleb
Okawaru
Qazlal
Ru
Sif Muna
Trog
Uskayaw
Xom
Yredelemnul
Zin
The Shining One


Message History

You feel yourself speed up. The killer bee completely misses you.
The killer bee stings you but does no damage.
The killer bee stings you!
* * * LOW HITPOINT WARNING * * *
The killer bee stings you but does no damage.
You are very lightly contaminated with residual magic.
The killer bee stings you.
* * * LOW HITPOINT WARNING * * *
You are poisoned.
The killer bee poisons you!
The killer bee stings you but does no damage.
You feel sick. The killer bee closely misses you.
You feel sick. The killer bee stings you.
* * * LOW HITPOINT WARNING * * *
You are lethally poisoned!
The killer bee poisons you!
* * * LOW HITPOINT WARNING * * *
You feel sick. The killer bee stings you.
You die...

##############'#........#.#.
#.....|.....#...........#...
#...........#...............
#.....(.....#..........#....
#####.......##'#............
####.....####.#.....###.###
#...(....## #.#...<.# #.#
#.......yy###.#.....# #.#
#.........@...#....####.###
#..................# #.....
#..................###..###
#....###................###
....(......................
Z.......................>...
..##(.(.##...................
#.... ....................
... .###.................


You could see 2 killer bees.

Vanquished Creatures
  The ghost of removeelyvilon the Transmogrifier, a novice CyTm of Cheibriados (D:7)
  The ghost of TwoGrow the Sneak, an amateur CyAs (D:4)
  A hippogriff (D:8)
  A water moccasin (D:5)
  A phantom (D:7)
  2 ogres (D:7)
  The ghost of removeelyvilon the Insei, an amateur CyTm (D:3)
  3 bullfrogs
  A gnoll sergeant (D:5)
  3 scorpions
  2 killer bees
  7 wights
  3 howler monkeys
  A crimson imp (D:5)
  3 jellies
  An orc priest (D:5)
  A hound (D:5)
  An orc wizard (D:7)
  3 bullfrog skeletons
  An iguana (D:3)
  3 worker ants
  2 hound zombies (D:6)
  Robin (D:3)
  2 worker ant zombies (D:7)
  8 adders
  7 gnolls
  A howler monkey skeleton (D:7)
  A shadow imp (D:5)
  An ooze (D:4)
  2 worms
  4 dart slugs (D:1)
  5 leopard geckos
  10 orcs
  A ball python (D:1)
  6 bats
  4 giant cockroaches
  15 hobgoblins
  5 jackals (D:3)
  6 kobolds
  A quokka (D:7)
  9 frilled lizards
  13 goblins
  A quokka skeleton (D:8)
  8 rats
154 creatures vanquished.

Notes
Turn   | Place    | Note
-------+----------+-------------------------------------------
     0 | D:1      | rageheart7 the Cyno Wanderer began the quest for the Orb.
     0 | D:1      | rageheart7 set off with: a +2 scale mail, a +0 hand axe, a +0 hand crossbow, 27 bolts, a bread ration
     0 | D:1      | Reached XP level 1. HP: 18/18 MP: 1/1
   140 | D:1      | Reached skill level 2 in Crossbows
   140 | D:1      | Reached XP level 2. HP: 17/24 MP: 2/2
   404 | D:1      | Reached XP level 3. HP: 29/29 MP: 3/3
   729 | D:1      | Reached skill level 3 in Crossbows
  1027 | D:2      | Found a faded altar of an unknown god.
  1032 | D:2      | Found a hide-covered altar of Uskayaw.
  2205 | D:3      | Reached skill level 4 in Crossbows
  2213 | D:3      | Found a shadowy altar of Dithmenos.
  2259 | D:3      | Found a hazy altar of Hepliaklqana.
  2263 | D:3      | Reached XP level 4. HP: 35/36 MP: 4/4
  2355 | D:3      | Noticed removeelyvilon's ghost (amateur CyTm)
  2412 | D:3      | Noticed Robin
  3085 | D:3      | Reached skill level 5 in Crossbows
  3548 | D:3      | Reached XP level 5. HP: 12/41 MP: 5/5
  3622 | D:3      | Killed removeelyvilon's ghost
  3622 | D:3      | Reached skill level 6 in Crossbows
  3983 | D:3      | Killed Robin
  4162 | D:4      | Reached skill level 7 in Crossbows
  4162 | D:4      | Reached XP level 6. HP: 45/47 MP: 6/6
  4208 | D:4      | Noticed TwoGrow's ghost (amateur CyAs)
  4237 | D:4      | Killed TwoGrow's ghost
  4237 | D:4      | Reached skill level 8 in Crossbows
  4404 | D:4      | Found a deep blue altar of Sif Muna.
  4645 | D:5      | Entered Level 5 of the Dungeon
  4690 | D:5      | Reached XP level 7. HP: 52/52 MP: 7/7
  4873 | D:5      | Reached skill level 9 in Crossbows
  5124 | D:5      | Reached skill level 10 in Crossbows
  5394 | D:5      | Found a staircase to the Ecumenical Temple.
  5410 | Temple   | Entered the Ecumenical Temple
  5464 | Temple   | Became a worshipper of Warmaster Okawaru
  5489 | D:5      | Reached XP level 8. HP: 60/60 MP: 8/8
  5541 | D:5      | Got a warped robe
  5552 | D:5      | Identified the +1 robe of a wizard's laboratory {rElec Str+5} (You found it on level 5 of the Dungeon)
  5715 | D:5      | Found a white marble altar of Elyvilon.
  6017 | D:6      | Reached skill level 5 in Fighting
  6331 | D:7      | Reached skill level 11 in Crossbows
  6360 | D:7      | Reached skill level 5 in Armour
  6410 | D:7      | Reached * piety under Okawaru
  6569 | D:7      | Reached skill level 12 in Crossbows
  6933 | D:7      | Reached XP level 9. HP: 67/69 MP: 9/9
  7268 | D:7      | Noticed removeelyvilon's ghost (novice CyTm)
  7519 | D:7      | Killed removeelyvilon's ghost
  7519 | D:7      | Reached skill level 13 in Crossbows
  7519 | D:7      | Reached skill level 1 in Dodging
  7599 | D:8      | Reached ** piety under Okawaru
  7720 | D:8      | Slain by a killer bee

Vault maps used:
D:1:      dpeg_arrival_central, minmay_misc_feat_tiny
D:2:      overflow_temple_1_default, first_bread,
          chequers_ecumenical_altar_simple
D:3:      kennysheep_goblin_castle, lemuel_coloured_pillars_altar,
          marbit_many_paths
D:4:      lemuel_round_altar
D:5:      basic_altar
D:6:      minmay_statues_item
D:8:      kennysheep_mini, grunt_livestock
Temple:   eino_wide_crystal_templ

Skill      XL: |  1  2  3  4  5  6  7  8  9 |
---------------+----------------------------+-----
Crossbows      | 2 4 5 7 8 10 12 13 | 13.6
Armour         | 4 5 |  5.9
Fighting       | 6 |  6.0
Dodging        | 1 |  1.2
Maces & Flails | |  1.2
Stealth        | |  1.1
Evocations     | |  1.2

Action                   |  1- 3 |  4- 6 |  7- 9 || total
-------------------------+-------+-------+-------++-------
Melee: Short sword       |    54 |   120 |       ||   174
 Fire: Hand crossbow     |    58 |    85 |   128 ||   271
       Arbalest          |       |       |   105 ||   105
  Use: Scroll            |     6 |     7 |    11 ||    24
       Potion            |       |     4 |     4 ||     8
  Eat: Chunk             |     4 |     8 |     7 ||    19
       Bread ration      |       |       |     1 ||     1
Armor: Scale mail        |    42 |   112 |    36 ||   190
       Skin              |       |    15 |       ||    15
       Robe              |       |       |    26 ||    26
Dodge: Dodged            |    37 |    72 |    66 ||   175
